AoeStats
← Ku4eraviy

Arabia

505658647Analyzed
1v1 RM · 22d ago on Sep 10, 2026· 48m 33s· 2 players
Game mode
Random Map
Map size
Tiny (2 player)
Population
200
Speed
Normal
Resources
Standard
Victory
Conquest
Starting age
Dark Age
Ending age
Imperial Age
RankedLock teamsTeams togetherTeam positionsShared explorationLock speedFull tech treeHidden civsTurbo modeCheats
Victory
Defeat
🇺🇦 Slavs · Ukraine
822
+42
🇪🇸 Vietnamese · Spain
828
-16
Ku4eraviy
11:05 Feudal Age
11:08 Man-at-Arms
19:42 Bloodlines
19:58 Horse Collar
20:07 Double-Bit Axe
30:32 Castle Age
28:26 Fletching
28:37 Padded Archer Armor
30:38 Long Swordsman
31:07 Elite Skirmisher
31:49 Bodkin Arrow
32:41 Scale Mail Armor
33:11 Bow Saw
32:55 Light Cavalry
34:39 Loom
35:31 Wheelbarrow
34:41 Town Watch
36:18 Leather Archer Armor
36:11 Heavy Plow
41:02 Hand Cart
42:13 Masonry
47:22 Detinets
Victotem
6:21 Loom
9:48 Feudal Age
10:51 Double-Bit Axe
23:38 Castle Age
22:35 Town Watch
24:03 Padded Archer Armor
25:20 Thumb Ring
29:03 Fletching
31:45 Bow Saw
32:31 Squires
32:37 Bodkin Arrow
33:01 Horse Collar
33:01 Crossbowman
34:09 Elite Skirmisher
36:00 Gold Mining
38:01 Town Patrol
42:54 Imperial Age
41:28 Murder Holes
44:47 Leather Archer Armor
Connection lost

Rejoining the realm…

Still unreachable

The connection could not be restored.

Session expired

The server has moved on; the page needs a fresh start.